 Dungeon Crawl Stone Soup version 0.31-a0-208-gdb31a4691d (webtiles) character file.

Game seed: 1344604931384470391

36 funkygono the Trooper (level 3, -8/34 HPs)
             Began as a Minotaur Fighter on June 28, 2023.
             Killed by divine providence
             ... invoked by an orc priest
              (15 damage)
             ... on level 2 of the Dungeon.
             The game lasted 00:01:22 (1370 turns).

funkygono the Trooper (Minotaur Fighter)            Turns: 1370, Time: 00:01:22

Health: -8/34      AC:  7    Str: 22    XL:     3   Next: 19%
Magic:  2/2        EV:  9    Int:  5    God:
Gold:   129        SH:  4    Dex:  9    Spells: 2/2 levels left

rFire   . . .        a - +0 war axe
rCold   . . .        c - +0 buckler
rNeg    . . .        b - +0 scale mail
rPois   .            (helmet restricted)
rElec   .            (no cloak)
rCorr   .            (no gloves)
SInv    .            (no boots)
Will    .....        (no amulet) Stlth
                     (no ring)
HPRegen 0.25/turn    (no ring)
MPRegen 0.08/turn

%: no passive effects
@: no status effects
A: horns 2, retaliatory headbutt
a: no special abilities


You were on level 2 of the Dungeon.
You visited 1 branch of the dungeon, and saw 2 of its levels.

You collected 129 gold pieces.

Inventory:

Hand Weapons
 a - a +0 war axe (weapon)
Missiles
 f - 9 boomerangs (quivered)
 i - 17 stones
Armour
 b - a +0 scale mail (worn)
 c - a +0 buckler (worn)
Scrolls
 h - 2 scrolls of teleportation {unknown}
 k - a scroll of amnesia {unknown}
 l - a scroll of silence {unknown}
 m - a scroll of revelation {unknown}
Potions
 d - a potion of might
 e - a potion of ambrosia {unknown}
 g - a potion of curing {unknown}
 j - a potion of berserk rage {unknown}


   Skills:
 + Level 4.4 Fighting
 + Level 3.3 Axes
 + Level 3.8 Armour
 + Level 3.8 Shields


You had 2 spell levels left.
You didn't know any spells.
Your spell library contained the following spells:

 Spells                   Type           Power      Damage    Failure   Level
 Sandblast                Erth           0%         2d4       86%         1
 Passwall                 Tmut/Erth      0%         N/A       94%         2
 Poisonous Vapours        Pois/Air       0%         N/A       94%         2
 Mephitic Cloud           Conj/Pois/Air  0%         N/A       99%         3
 Stone Arrow              Conj/Erth      0%         3d7       99%         3
 Freezing Cloud           Conj/Ice/Air   0%         6-21      100%        5


Dungeon Overview and Level Annotations

Branches:
Dungeon (2/15)

Altars:


Innate Abilities, Weirdness & Mutations

You have a pair of horns on your head.
You reflexively headbutt those who attack you in melee.


Message History

Found a stone staircase leading down.
The orc shouts!
The orc hits you with a +0 hand axe.
You closely miss the orc priest.
You headbutt the orc priest, but do no damage.
You barely miss the orc. You slash the worm! You closely miss the orc.
The orc hits you with a +0 hand axe. The orc priest closely misses you.
You furiously retaliate!
You headbutt the orc priest! The orc hits you but does no damage.
The worm bites you! The orc hits you but does no damage.
The orc hits you with a +0 hand axe. You block the orc priest's attack.
You closely miss the orc priest.
You headbutt the orc priest, but do no damage.
The orc priest is heavily wounded.
You barely miss the orc. You hit the orc. You hit the worm.
The orc barely misses you.
The orc priest mumbles some strange prayers to Beogh against you.
Beogh smites you!
* * * LOW HITPOINT WARNING * * *
The orc hits you with a +0 flail.
* * * LOW HITPOINT WARNING * * *
You block the worm's attack.
You closely miss the orc priest.
The orc priest is heavily wounded.
You hit the worm. You barely miss the orc. You hit the orc.
The orc barely misses you. You furiously retaliate!
You headbutt the orc.
The orc priest hits you but does no damage.
The orc hits you but does no damage. The worm bites you but does no damage.
Unknown command.
The orc priest calls upon Beogh to heal the orc.
The orc's wounds heal themselves!
There is an open door here.
The orc priest calls upon Beogh to heal the orc.
The orc is healed somewhat.
You hit the orc but do no damage.
The orc is lightly wounded.
The orc hits you but does no damage.
The orc priest invokes the aid of Beogh against you.
Beogh smites you!
You die...

.... ###########....
#..............
#.........##############
#.....>.................
#....o### #######.##.
+.....w.# #.....#.##.
#.....#o######.###.#.#..
#..^..#@##..............
#######.##.........#....
#...<#.##.......#######
#.####..'..†...........
#.# ####.......#####..
#.# #.'.......#####.#
#.# #.#...........#.#
#.# #.#......####.#..
#.#####.#......+.......


You could see a worm, an orc priest and an orc.

Vanquished Creatures
  An adder (D:2)
  2 worms (D:2)
  A dart slug (D:1)
  3 bats
  3 endoplasms
  A giant cockroach (D:1)
  2 goblins (D:2)
  A hobgoblin (D:1)
  2 ball pythons (D:1)
  4 kobolds
  A rat (D:1)
21 creatures vanquished.

Notes
Turn   | Place    | Note
-------+----------+-------------------------------------------
     0 | D:1      | funkygono the Minotaur Fighter began the quest for the Orb.
     0 | D:1      | Reached XP level 1. HP: 19/19 MP: 0/0
   184 | D:1      | Found a faded altar of an unknown god.
   317 | D:1      | Reached skill level 4 in Fighting
   317 | D:1      | Reached XP level 2. HP: 27/27 MP: 1/1
  1124 | D:2      | Reached XP level 3. HP: 33/33 MP: 2/2
  1370 | D:2      | Killed from afar by an orc priest

Illustrated notes

Levels and vault maps discovered:
D:1:      scummos_arrival_hexagon, layout_basic,
          hellmonk_ecumenical_altar_heavens_door, supply_closet_lemuel,
          hangedman_decor_growths, hangedman_abyss_or_decor_stabs,
          serial_park_tiny_pond
D:2:      layout_basic, chequers_arboretum, serial_bayou_ford_a,
          grunt_decor_arrowhead

Skill      XL: |  1  2 |
---------------+-------+-----
Fighting       | 4 |  4.4
Axes           | 3 |  3.3
Armour         | |  3.8
Shields        | |  3.8

Action                     || total
---------------------------++-------
  Melee: War axe           ||    52
         Headbutt          ||    13
 Armour: Scale mail        ||    28
  Dodge: Dodged            ||    17
  Block: Buckler           ||    10

Table legend: (Time is in decaauts)
 A = Elapsed time spent in this place.
 B = Non-inter-level travel time spent in this place.
 C = Inter-level travel time spent in this place.
 D = Time resting spent in this place.
 E = Time spent auto-exploring this place.
 F = Levels seen in this place.
 G = Mean time per level.
                   A        B        C        D        E       F      G
               +--------+--------+--------+--------+--------+-----+--------+
         Total |   1393 |   1368 |     25 |      0 |   1156 |   2 |  696.5 |
       Dungeon |   1393 |   1368 |     25 |      0 |   1156 |   2 |  696.5 |
               +--------+--------+--------+--------+--------+-----+--------+

Top non-repeatable levels by time:
     D:1: 960 daAuts
     D:2: 432 daAuts
